Map: Prion Terraces

Players

ElSpicyNegro

  • Race: Zerg Zerg
  • League: Gold

Grumm - Winner!

  • Race: Protoss Protoss
  • League: Gold

VOD

Have the link to the VOD?

Description

Time

  • Played on: Jan. 14, 2016, 10:36 p.m.
  • Length: 27:44
Show
View Real Time Build Order
Export as new Build Order

ElSpicyNegro Zerg 

Build Orders: Hatch First 

Get SALT Encoding   

  12  0:01  Drone  
  13  0:12  Overlord  
  13  0:26  Drone  
  14  0:30  Drone x2  
  16  0:43  Drone  
  17  0:52  Drone  
  18  1:08  Hatchery  
  17  1:11  Spawning Pool  
  17  1:13  Extractor  
  17  1:14  Drone  
  16  1:18  Drone  
  18  1:42  Hatchery  
  17  1:49  Extractor  
  17  1:52  Drone x2  
  17  1:53  Drone  
  19  2:02  Queen  
  19  2:07  Overlord  
  21  2:17  Drone  
  21  2:20  Drone  
  23  2:25  Drone  
  24  2:30  Drone  
  24  2:35  Drone  
  26  2:37  Queen  
  28  2:54  Drone x3  
  31  3:05  Drone x4  
  33  3:06  Queen  
  33  3:10  Metabolic Boost  
  37  3:18  Roach Warren  
  37  3:19  Drone  
  37  3:24  Zergling x4  
  37  3:25  Zergling x2  
  40  3:35  Drone x2  
  40  3:37  Overlord  
  40  3:39  Overlord  
  42  4:00  Roach  
  42  4:01  Roach x6  
  56  4:13  Roach  
  55  4:40  Ravager  
  56  4:51  Drone  
  56  4:52  Drone  
  58  4:53  Overlord x5  
  58  5:03  Hatchery  
  57  5:11  Lair  
  57  5:13  Drone x3  
  60  5:14  Extractor  
  59  5:26  Drone x2  
  59  5:27  Drone x13  
  68  6:09  Extractor  
  68  6:10  Extractor  
  66  6:12  Evolution Chamber  
  66  6:14  Evolution Chamber  
  66  6:16  Queen  
  66  6:17  Infestation Pit  
  65  6:25  Drone x4  
  68  6:26  Drone  
  68  6:27  Roach  
  68  6:28  Roach x5  
  82  6:38  Overlord  
  82  6:39  Overlord  
  82  6:50  Zerg Ground Armor Level 1  
  82  6:53  Zergling x2  
  82  6:54  Zergling x20  
  92  7:01  Drone x3  
  96  7:04  Drone  
  96  7:05  Drone, Glial Reconstitution  
  98  7:10  Hive  
  98  7:11  Pneumatized Carapace  
  98  7:15  Zergling x4  
  99  7:16  Zergling x8  
  99  7:21  Extractor  
  99  7:22  Extractor  
  102  7:23  Drone x3  
  102  7:24  Drone x3  
  102  7:26  Drone  
  109  7:30  Drone  
  109  7:32  Zerg Missile Weapons Level 1  
  109  7:34  Zergling x8  
  109  7:36  Overlord x2  
  114  7:48  Drone  
  115  7:52  Spore Crawler  
  115  7:54  Spine Crawler  
  115  7:55  Spine Crawler  
  115  7:57  Spore Crawler  
  111  8:00  Overseer  
  111  8:01  Spine Crawler  
  111  8:03  Spine Crawler  
  111  8:04  Spine Crawler x2  
  107  8:07  Spine Crawler  
  107  8:08  Spine Crawler x2  
  107  8:09  Drone  
  107  8:10  Drone x6, Spine Crawler  
  107  8:12  Spine Crawler x2  
  109  8:16  Spore Crawler  
  107  8:20  Spore Crawler  
  106  8:29  Ultralisk Cavern  
  105  8:36  Spire  
  105  8:38  Ultralisk Cavern  
  105  8:39  Zergling x2  
  105  8:40  Zergling x2  
  105  8:41  Zergling x36  
  114  9:30  Overlord x3  
  114  9:31  Overlord  
  114  9:32  Chitinous Plating  
  114  9:36  Zerg Ground Armor Level 2  
  114  9:37  Zerg Missile Weapons Level 2  
  111  9:40  Pathogen Glands  
  111  9:41  Hydralisk Den  
  111  9:42  Drone x3  
  111  9:43  Drone x2  
  104  9:57  Greater Spire, Hatchery  
  104  9:58  Corruptor x2  
  104  9:59  Corruptor x6  
  119  10:16  Hydralisk x6  
  131  10:27  Burrow  
  131  10:36  Overlord x3  
  131  10:46  Corruptor  
  131  10:47  Corruptor x3  
  139  10:59  Viper  
  142  11:13  Evolution Chamber  
  142  11:17  Evolution Chamber, Viper  
  143  11:19  Evolution Chamber  
  142  11:27  Viper  
  145  12:01  Infestor x2  
  145  12:02  Infestor  
  150  12:10  Viper  
  153  12:32  Spore Crawler x2  
  153  12:33  Spore Crawler  
  150  12:46  Drone x4, Spore Crawler x2  
  150  12:47  Drone x4, Spore Crawler  
  150  12:50  Spore Crawler x2  
  153  12:55  Spore Crawler  
  153  12:56  Spore Crawler  
  153  12:58  Viper x2  
  157  13:30  Drone x3  
  157  13:31  Overlord x2  
  157  13:32  Overlord  
  160  13:49  Overseer x2  
  160  13:50  Overseer x6  
  160  13:53  Extractor  
  160  13:55  Extractor  
  158  13:58  Viper x2  
  158  13:59  Viper x2  
  167  14:34  Zerg Flyer Weapons Level 1  
  167  14:36  Zerg Missile Weapons Level 3  
  167  14:37  Zerg Ground Armor Level 3  
  167  14:38  Adrenal Glands  
  167  14:57  Corruptor x4  
  175  15:01  Hatchery, Zergling x2  
  175  15:02  Zergling x14  
  175  15:04  Zergling x16  
  175  15:05  Zergling x8  
  194  15:19  Muscular Augments  
  184  15:51  Extractor  
  184  15:56  Extractor  
  174  16:03  Ultralisk x2  
  174  16:04  Ultralisk x2  
  196  16:07  Hydralisk  
  196  16:08  Hydralisk  
  200  16:30  Zerg Flyer Weapons Level 2  
  200  17:06  Hatchery  
  199  17:15  Hatchery  
  199  17:21  Zerg Melee Weapons Level 1  
  199  17:22  Hatchery  
  197  17:23  Hatchery  
  197  17:24  Lurker Den  
  169  18:14  Viper  
  169  18:15  Viper x4  
  144  18:40  Corruptor  
  129  18:41  Corruptor x3  
  129  18:42  Hydralisk x2  
  129  18:43  Hydralisk x17  
  153  19:07  Hydralisk  
  153  19:08  Hydralisk x3  
  96  19:44  Hydralisk x7  
  61  20:36  Hydralisk  
  61  20:37  Hydralisk x5  
  73  21:02  Hydralisk x7  
  87  21:05  Hydralisk  
  89  21:16  Hydralisk x3  
  93  21:23  Hydralisk x2  
  97  21:35  Hydralisk  
  97  21:36  Hydralisk x4  
  93  21:55  Hydralisk x2  
  93  21:56  Hydralisk x3  
  101  22:01  Overseer  
  101  22:02  Overseer x2  
  101  22:08  Hydralisk x2  
  103  22:10  Hydralisk  
  107  22:24  Hydralisk x3  
  107  22:27  Lurker x2  
  107  22:29  Lurker  
  116  22:34  Lurker x3  
  115  23:01  Overseer  
  109  23:32  Drone x3  
  109  23:33  Drone x3  
  115  23:36  Overlord x4  
  115  23:48  Drone x3  
  118  24:13  Extractor  
  118  24:14  Extractor  
  116  24:19  Drone x4  
  116  24:20  Drone x3  
  116  24:21  Drone x2  
  116  24:22  Drone  
  118  24:36  Hydralisk x8  
Show
View Real Time Build Order
Export as new Build Order

Grumm Protoss - Winner!

Build Orders: 1 Gate Expand, Forge Fast Expand (FFE) 

Get SALT Encoding   

  12  0:01  Probe (Chrono Boost)  
  13  0:11  Probe (Chrono Boost)  
  14  0:23  Pylon  
  14  0:25  Probe (Chrono Boost)  
  15  0:41  Probe (Chrono Boost)  
  16  0:43  Gateway  
  16  0:50  Forge  
  16  0:54  Probe (Chrono Boost)  
  17  1:05  Probe (Chrono Boost)  
  18  1:15  Probe (Chrono Boost)  
  19  1:29  Nexus  
  19  1:33  Probe (Chrono Boost)  
  20  2:00  Cybernetics Core  
  20  2:06  Pylon  
  20  2:10  Gateway  
  20  2:17  Gateway  
  20  2:18  Probe (Chrono Boost)  
  21  2:23  Assimilator  
  21  2:26  Assimilator  
  21  2:27  Zealot  
  23  2:36  Probe (Chrono Boost)  
  24  2:52  Gateway  
  24  2:57  Photon Cannon  
  24  3:00  Probe (Chrono Boost)  
  25  3:06  Probe (Chrono Boost)  
  25  3:10  Probe (Chrono Boost)  
  27  3:14  Zealot x2  
  27  3:15  Zealot  
  27  3:16  Probe (Chrono Boost)  
  27  3:19  Warp Gate (Chrono Boost)  
  34  3:26  Probe  
  34  3:28  Probe  
  36  3:37  Probe  
  36  3:40  Probe  
  38  3:42  Stalker  
  40  4:01  Probe  
  40  4:02  Nexus  
  41  4:20  Probe  
  41  4:22  Probe  
  41  4:23  Protoss Ground Weapons Level 1 (Chrono Boost)  
  42  4:37  Probe  
  39  4:38  Probe  
  36  4:49  Probe  
  36  4:50  Assimilator, Probe  
  37  5:01  Probe  
  37  5:06  Pylon  
  40  5:07  Mothership Core  
  40  5:15  Stalker x3  
  46  5:24  Pylon  
  46  5:36  Photon Cannon  
  46  5:42  Probe x2  
  46  5:51  Zealot  
  46  5:52  Zealot x3  
  46  5:54  Probe x2  
  54  5:59  Photon Cannon  
  54  6:12  Pylon  
  54  6:18  Assimilator  
  54  6:21  Protoss Ground Armor Level 1 (Chrono Boost)  
  54  6:26  Pylon  
  54  6:27  Pylon  
  54  6:30  Stargate, Probe x2  
  56  6:33  Robotics Facility  
  56  6:36  Stargate  
  56  6:37  Pylon  
  56  6:42  Probe x2  
  56  6:45  Stalker x2  
  56  6:46  Stalker  
  56  6:47  Stalker  
  66  6:54  Probe x2  
  68  7:03  Nexus  
  68  7:06  Pylon, Probe x2  
  70  7:13  Pylon  
  70  7:18  Probe x2  
  70  7:20  Stalker x4  
  80  7:26  Gateway  
  80  7:32  Photon Cannon  
  80  7:37  Gateway  
  80  7:42  Pylon  
  80  7:44  Assimilator, Probe x2  
  82  7:50  Fleet Beacon  
  82  7:56  Probe  
  83  8:02  Probe  
  84  8:11  Probe  
  85  8:14  Probe  
  86  8:20  Assimilator  
  86  8:23  Photon Cannon  
  86  8:25  Gateway  
  86  8:29  Probe x2  
  88  8:35  Gateway  
  88  8:38  Pylon  
  88  8:39  Probe  
  89  8:50  Tempest (Chrono Boost)  
  89  8:51  Tempest (Chrono Boost)  
  97  8:56  Observer, Nexus  
  97  9:00  Pylon  
  97  9:22  Photon Cannon  
  97  9:27  Photon Cannon  
  97  9:30  Stalker x5  
  97  9:31  Stalker  
  109  9:44  Zealot  
  111  9:57  Tempest (Chrono Boost)  
  111  9:58  Tempest (Chrono Boost)  
  119  10:04  Pylon  
  119  10:07  Pylon  
  119  10:09  Photon Cannon  
  119  10:12  Pylon, Photon Cannon  
  119  10:17  Photon Cannon  
  119  10:18  Pylon  
  119  10:22  Warp Prism  
  121  10:35  Tempest x2 (Chrono Boost)  
  129  10:38  Protoss Shields Level 1  
  129  10:42  Nexus  
  129  10:43  Assimilator  
  129  10:44  Pylon  
  129  10:45  Gateway  
  129  10:46  Gateway  
  129  10:48  Assimilator  
  129  10:54  Protoss Air Weapons Level 1  
  129  10:58  Forge  
  129  11:17  Void Ray (Chrono Boost)  
  137  11:18  Void Ray (Chrono Boost)  
  137  11:19  Immortal  
  141  11:38  Twilight Council  
  141  11:42  Gateway  
  141  11:44  Zealot x2  
  141  11:45  Adept  
  141  11:46  Adept, Photon Cannon  
  149  11:54  Void Ray (Chrono Boost)  
  149  11:56  Void Ray (Chrono Boost)  
  157  12:21  Zealot x5  
  149  12:24  Probe x2  
  149  12:32  Carrier (Chrono Boost)  
  149  12:33  Charge, Immortal  
  149  12:34  Carrier (Chrono Boost)  
  165  12:37  Gateway  
  165  12:41  Gateway  
  165  12:42  Pylon  
  165  12:56  Nexus  
  165  13:00  Protoss Ground Armor Level 2, Pylon  
  165  13:09  Probe x2  
  167  13:13  Graviton Catapult  
  167  13:17  Protoss Ground Weapons Level 2  
  167  13:27  Pylon  
  167  13:30  Gateway x2  
  167  13:34  Photon Cannon  
  167  13:36  Photon Cannon  
  167  13:49  Gateway  
  167  13:54  Gateway  
  167  13:55  Pylon  
  167  13:56  Photon Cannon  
  167  14:03  Pylon  
  167  14:10  Assimilator  
  167  14:12  Assimilator  
  167  14:28  Stargate  
  167  14:33  Stargate  
  167  14:35  Protoss Air Armor Level 1  
  167  14:42  Robotics Bay  
  167  14:45  Dark Shrine  
  167  14:48  Photon Cannon  
  167  14:52  Carrier x2 (Chrono Boost), Photon Cannon  
  179  15:06  Pylon  
  187  15:23  Void Ray (Chrono Boost)  
  187  15:27  Void Ray (Chrono Boost)  
  187  15:30  Zealot x3  
  187  15:31  Zealot  
  196  16:05  Void Ray (Chrono Boost)  
  196  16:06  Tempest (Chrono Boost)  
  196  16:09  Void Ray (Chrono Boost)  
  200  16:48  Extended Thermal Lance (Chrono Boost)  
  200  17:02  Nexus  
  200  17:17  Protoss Ground Weapons Level 3  
  200  17:18  Protoss Air Armor Level 2  
  200  17:39  Protoss Ground Armor Level 3  
  200  17:51  Robotics Facility  
  188  18:13  Void Ray  
  188  18:18  Void Ray  
  188  18:19  Void Ray x2  
  134  18:44  Zealot x4  
  134  18:45  Stalker, Zealot x2  
  134  18:46  Stalker x4  
  134  18:47  Stalker x2  
  151  18:48  Dark Templar  
  151  18:50  Dark Templar  
  133  19:34  Protoss Air Weapons Level 2  
  81  20:20  Nexus  
  81  20:24  Dark Templar x4  
  81  20:25  Dark Templar  
  91  20:45  Archon x2  
  91  20:48  Probe  
  92  20:50  Probe x3  
  95  21:00  Stalker  
  95  21:01  Stalker x3  
  103  21:07  Probe  
  104  21:17  Probe  
  105  21:28  Probe  
  106  21:38  Probe  
  103  21:49  Probe  
  100  22:06  Colossus (Chrono Boost)  
  106  22:11  Colossus (Chrono Boost)  
  112  22:25  Stalker  
  112  22:27  Dark Templar x4  
  112  22:29  Dark Templar  
  124  22:30  Dark Templar x6  
  136  22:47  Archon x3  
  136  22:49  Archon  
  136  22:54  Colossus (Chrono Boost)  
  142  22:59  Colossus (Chrono Boost)  
  146  23:20  Tempest  
  146  23:26  Tempest  
  152  23:37  Dark Templar x4  
  152  23:38  Dark Templar x6  
  152  23:41  Observer (Chrono Boost)  
  171  23:42  Archon x2  
  171  23:43  Archon x3  
  171  23:45  Observer (Chrono Boost)  
  172  24:00  Probe  
  173  24:05  Pylon  
  173  24:11  Probe  
  173  24:13  Pylon  
  142  25:09  Zealot x2  
  142  25:10  Zealot x5  
  142  25:11  Zealot x5  
Tags
 
Add a new tag
Caveats
  • Supply blocks, unpowered buildings, or Contaminate may cause inaccurate times.
  • Supply counts are checked every 10 seconds.